 Dungeon Crawl Stone Soup version 0.28.0-53-g5a82cb258f (webtiles) character file.

Game seed: 10964724300815819287

1 oatmilk the Digger (level 1, -1/10 HPs)
             Began as a Gargoyle Earth Elementalist on June 14, 2022.
             Slain by a quokka (3 damage)
             ... on level 1 of the Dungeon.
             The game lasted 00:02:29 (43 turns).

oatmilk the Digger (Gargoyle Earth Elementalist)      Turns: 43, Time: 00:02:30

Health: -1/10      AC:  4    Str: 11    XL:     1   Next: 20%
Magic:  2/3        EV: 11    Int: 15    God:
Gold:   0          SH:  0    Dex: 10    Spells: 3/4 levels left

rFire   . . .      SeeInvis .   (no weapon)
rCold   . . .      Faith    .   (no shield)
rNeg    + . .      Spirit   .   b - +0 robe
rPois   ∞          Reflect  .   (no helmet)
rElec   +          Harm     .   (no cloak)
rCorr   .          Rampage  .   (no gloves)
Will    .....                   (no boots)
Stlth   ++........              (no amulet)
HPRegen 0.03/turn               (no ring)
MPRegen 0.08/turn               (no ring)

@: no status effects
A: sickness immunity, AC +2, negative energy resistance 1, electricity
resistance, torment resistance 1, petrification resistance
a: no special abilities


You were on level 1 of the Dungeon.
You visited 1 branch of the dungeon, and saw 1 of its levels.

Inventory:

Missiles
 c - 26 stones (quivered)
Armour
 b - a +0 robe (worn)


   Skills:
 + Level 1.5 Dodging
 + Level 2.3 Stealth
 + Level 2.0 Spellcasting
 + Level 0.7 Transmutations
 + Level 3.6 Earth Magic


You had 3 spell levels left.
You knew the following spells:

 Your Spells              Type           Power      Damage    Failure   Level
a - Sandblast             Erth           24%        2d8       4%          1

Your spell library contained the following spells:

 Spells                   Type           Power      Damage    Failure   Level
 Passwall                 Tmut/Erth      6%         N/A       14%         2
 Stone Arrow              Conj/Erth      12%        3d7       32%         3
 Petrify                  Tmut/Erth      8%         N/A       65%         4


Dungeon Overview and Level Annotations

Branches:
Dungeon (1/15)

Altars:


Innate Abilities, Weirdness & Mutations

You are immune to sickness and miasma.
Your stone body is resilient. (AC +2)
You are immune to poison.
You resist negative energy. (rN+)
You are resistant to electric shocks. (rElec)
You are resistant to unholy torment.
You are immune to petrification.


Message History

The jackal is severely wounded.
The jackal bites you but does no damage. x2
You hit the jackal but do no damage.
The jackal is severely wounded.
The jackal bites you but does no damage.
You barely miss the jackal.
The jackal is heavily wounded.
The jackal bites you but does no damage.
The jackal closely misses you.
You barely miss the jackal.
The jackal is heavily wounded.
The jackal bites you.
* * * LOW HITPOINT WARNING * * *
You barely miss the jackal.
The jackal is heavily wounded.
The jackal closely misses you.
Found 10 gold pieces.
The jackal bites you.
* * * LOW HITPOINT WARNING * * *
Found a scroll labelled LISAARHUF.
The jackal barely misses you.
A giant cockroach comes into view.
Found a stone staircase leading down.
The jackal bites you.
* * * LOW HITPOINT WARNING * * *
Found a fizzy golden potion and 12 gold pieces.
A kobold comes into view. It is wielding a +0 dagger.
The jackal bites you but does no damage.
A rat comes into view.
The jackal closely misses you. The jackal barely misses you.
The quokka barely misses you. The jackal barely misses you.
The jackal bites you but does no damage.
Throw: 27 stones
Press: ? - help, Q - select action, (/) - cycle Shift-Dir - straight line, f/p - jackal
Aim: a jackal (lightly wounded, 45% to hit)
You throw a stone.
The stone hits the jackal but does no damage.
The jackal is lightly wounded.
The jackal completely misses you. The jackal barely misses you.
The quokka bites you.
You die...

#.#..<..#.....##.
....#.....#.#......
....#.....#.#...##.
....##+++##....##
... ......hK...# ..
...........###!#
.....#.g........
.....#rhh......> ..
#..@.B......
............?...
.....#..........
.....#...###....
.... ....# ...# ...
..$### #.. ..r.K..
.. #.##


You could see a quokka, 3 jackals, a giant cockroach, a hobgoblin and 2 kobolds.

Vanquished Creatures
  A jackal (D:1)
1 creature vanquished.

Notes
Turn   | Place    | Note
-------+----------+-------------------------------------------
     0 | D:1      | oatmilk the Gargoyle Earth Elementalist began the quest for
                  | the Orb.
     0 | D:1      | Reached XP level 1. HP: 10/10 MP: 3/3
    43 | D:1      | Slain by a quokka

Illustrated notes

Levels and vault maps discovered:
D:1:      dpeg_arrival_windows_large_door, layout_rooms, minmay_quantized

Action                   || total
-------------------------++-------
Melee: Unarmed           ||    18
Throw: Stone             ||     2
 Cast: Sandblast         ||     2
Armor: Robe              ||    14
Dodge: Dodged            ||    21
